 Dungeon Crawl Stone Soup version 0.26.0-10-g1f06aea511 (webtiles) character file.

Game seed: 7103624441938063819

2011 Amaterasu the Firebug (level 9, -13/70 HPs)
             Began as a White Draconian Fire Elementalist on Jan 21, 2021.
             Was a Plaything of Xom.
             Mangled by an orc warrior
             ... wielding a +0 war axe
              (22 damage)
             ... on level 6 of the Dungeon on Jan 24, 2021.
             The game lasted 00:38:00 (7421 turns).

Amaterasu the Firebug (DrFE)                        Turns: 7421, Time: 00:38:00

Health: -13/70     AC:  9    Str: 16      XL:     9   Next: 2%
Magic:  16/16      EV: 13    Int: 18      God:    Xom [*.....]
Gold:   288        SH:  0    Dex:  8 (11) Spells: 5/18 levels left

rFire    . . .     SeeInvis .   k - +0 dagger (venom)
rCold    + . .     Faith    .   (no shield)
rNeg     . . .     Spirit   .   (armour unavailable)
rPois    .         Reflect  .   (helmet restricted)
rElec    .         Harm     .   m - +1 cloak
rCorr    .         Rampage  .   (no gloves)
Will     .....                  (no boots)
Stlth    ..........             f - amulet of the acrobat
HPRegen  0.21/turn              d - +6 ring of strength
MPRegen  0.15/turn              h - ring of attention (curse)

@: confused
A: breathe frost, unfitting armour, cold resistance 1, weak 1, wild magic 1,
cold-blooded, AC +7
a: Breathe Frost, Renounce Religion


You were on level 6 of the Dungeon.
You worshipped Xom.
You were a special plaything of Xom.
You visited 2 branches of the dungeon, and saw 7 of its levels.

You collected 288 gold pieces.

Inventory:

Hand Weapons
 a - a +0 short sword
 b - a +2 falchion of electrocution
 k - a +0 dagger of venom (weapon)
Missiles
 i - 11 poisoned darts (quivered)
Armour
 m - a +1 cloak (worn)
Jewellery
 d - a +6 ring of strength (left hand)
 f - an amulet of the acrobat (around neck)
 h - a cursed ring of attention (right hand)
Scrolls
 e - 6 scrolls of teleportation
 g - a scroll of blinking
 j - a scroll of magic mapping
Potions
 o - a potion of flight


   Skills:
 * Level 3.4 Fighting
 * Level 4.0 Short Blades
 * Level 3.9 Dodging
 - Level 2.0 Stealth
 * Level 5.3 Spellcasting
 * Level 4.8 Conjurations
 * Level 5.8 Fire Magic


You had 5 spell levels left.
You knew the following spells:

 Your Spells              Type           Power        Failure   Level
a - Foxfire               Conj/Fire      100%         3%          1
b - Conjure Flame         Conj/Fire      31%          7%          3
c - Sticky Flame          Conj/Fire      31%          21%         4
d - Fireball              Conj/Fire      15%          47%         5

Your spell library contained the following spells:

 Spells                   Type           Power        Failure   Level
 Inner Flame              Hex/Fire       19%          17%         3
 Beastly Appendage        Tmut           12%          19%         1
 Wereblood                Tmut           6%           28%         2
 Spider Form              Tmut/Pois      3%           45%         3
 Ice Form                 Ice/Tmut       6%           85%         4
 Blade Hands              Tmut           3%           99%         5


Dungeon Overview and Level Annotations

Branches:
Dungeon (6/15)             Temple (1/1) D:4

Altars:
Ashenzari
Cheibriados
Dithmenos
Fedhas
Gozag
Hepliaklqana
Kikubaaqudgha
Nemelex Xobeh
Okawaru
Qazlal
Ru
Sif Muna
Trog
Uskayaw
Vehumet
Wu Jian
Xom
Zin
The Shining One

Shops:
D:4 }


Innate Abilities, Weirdness & Mutations

You can breathe waves of freezing cold.
You can buffet flying creatures when you breathe cold.
Your icy white scales are hard. (AC +7)
You cannot fit into any form of body armour.
Your flesh is cold resistant. (rC+)
You are cold-blooded and may be slowed by cold attacks.
You are weak. (Str -2)
Your spells are a little harder to cast, but a little more powerful.


Message History

* * * LOW HITPOINT WARNING * * *
The orc warrior completely misses you. Something barely misses you.
You miss the orc warrior.
Your tail-slap misses the orc warrior.
The orc warrior is almost dead.
Something hits you but does no damage. The orc warrior barely misses you.
You have got your breath back.
You hear some strange, mumbled words.
You are more confused.
You feel less invigorated.
You hear some strange, mumbled words.
Something tries to affect you, but you resist.
You bump into the rock wall.
The orc warrior hits you with a +0 war axe!!
* * * LOW HITPOINT WARNING * * *
Something hits you.
* * * LOW HITPOINT WARNING * * *
You completely miss something. You tail-slap something.
The orc warrior hits you with a +0 war axe!!
You die...
Xom thinks this is hilarious!

#.# .# #.# .#
#o# ###.### #o#
#..... #)#
#...#
#<####..##
#.....$..#
######.{.#
#.o@# #...#
....)..........
####.#.########
#.#.# #.#.#
#.#.# #.#$# #.


You could see an orc warrior.

Vanquished Creatures
  A two-headed ogre (D:5)
  Sigmund (D:3)
  A water moccasin (D:4)
  An ice beast (D:4)
  A sky beast (D:5)
  An ogre (D:4)
  A centaur (D:5)
  A scorpion (D:4)
  A howler monkey (D:5)
  9 orc priests
  6 orc wizards
  Crazy Yiuf (D:2)
  A worker ant (D:5)
  A worker ant zombie (D:5)
  4 gnolls (D:5)
  5 adders
  An adder skeleton (D:4)
  A worm (D:5)
  A dart slug (D:1)
  4 leopard geckos
  23 orcs
  2 ball pythons
  11 bats
  4 giant cockroaches
  8 goblins
  8 hobgoblins
  10 kobolds
  3 quokkas
  10 frilled lizards
  A jackal skeleton (D:5)
  A leopard gecko skeleton (D:5)
  6 rats
130 creatures vanquished.

Vanquished Creatures (collateral kills)
  A foxfire (D:2)
1 creature vanquished.

Vanquished Creatures (others)
  258 foxfires
  6 plants (D:2)
264 creatures vanquished.

Grand Total: 395 creatures vanquished

Notes
Turn   | Place    | Note
-------+----------+-------------------------------------------
     0 | D:1      | Amaterasu the Draconian Fire Elementalist began the quest
                  | for the Orb.
     0 | D:1      | Reached XP level 1. HP: 14/14 MP: 3/3
   357 | D:1      | Reached XP level 2. HP: 17/20 MP: 5/5
  1201 | D:2      | Reached XP level 3. HP: 25/26 MP: 2/6
  1781 | D:2      | Learned a level 3 spell: Conjure Flame
  1882 | D:2      | Found a runed translucent door.
  1883 | D:2      | Noticed Crazy Yiuf
  2252 | D:2      | Reached XP level 4. HP: 33/33 MP: 4/7
  2339 | D:2      | Killed Crazy Yiuf
  2506 | D:3      | Reached skill level 5 in Fire Magic
  2543 | D:3      | Reached XP level 5. HP: 13/38 MP: 0/9
  2766 | D:3      | Noticed Sigmund
  2785 | D:3      | Killed Sigmund
  2786 | D:3      | Reached skill level 1 in Short Blades
  2786 | D:3      | Reached XP level 6. HP: 15/46 MP: 1/10
  3355 | D:3      | Reached skill level 1 in Fighting
  3929 | D:3      | Your scales start taking on an icy white colour.
  3929 | D:3      | Reached XP level 7. HP: 17/52 MP: 6/12
  3929 | D:3      | Gained mutation: Your flesh is cold resistant. (rC+) [White
                  | Draconian growth]
  4268 | D:4      | Found a bloodstained altar of Trog.
  4492 | D:4      | Found a staircase to the Ecumenical Temple.
  4504 | Temple   | Entered the Ecumenical Temple
  4812 | Temple   | Became a worshipper of Xom of Chaos
  4926 | D:4      | XOM: silly message
  5085 | D:3      | XOM: silly message
  5301 | D:4      | Found Eroxun's Gadget Boutique.
  5501 | D:4      | XOM: summons friendly iron imp
  5577 | D:4      | Learned a level 4 spell: Sticky Flame
  5583 | D:4      | Learned a level 5 spell: Fireball
  5650 | D:5      | Entered Level 5 of the Dungeon
  5703 | D:5      | Noticed a two-headed ogre
  5709 | D:5      | Reached skill level 5 in Fire Magic
  5709 | D:5      | XOM: cast spell 'Dispersal'
  5745 | D:5      | XOM: potion effect (curing)
  5777 | D:5      | XOM: give mutations
  5777 | D:5      | Gained mutation: Your spells are a little harder to cast,
                  | but a little more powerful. [Xom's mischief]
  5777 | D:5      | Gained mutation: You are weak. (Str -2) [Xom's mischief]
  5819 | D:5      | XOM: noise
  5830 | D:5      | Reached XP level 8. HP: 50/61 MP: 7/14
  5969 | D:4      | XOM is BORED!
  5969 | D:4      | XOM: polymorph ogre -> water moccasin
  6214 | D:5      | XOM: confusion
  6583 | D:5      | XOM: 6-stop teleportation journey
  6822 | D:5      | XOM: summons friendly crimson imp
  6832 | D:5      | Killed a two-headed ogre
  6833 | D:5      | Reached skill level 5 in Spellcasting
  6833 | D:5      | Reached XP level 9. HP: 32/70 MP: 12/16
  7223 | D:5      | Found a hazy altar of Hepliaklqana.
  7224 | D:5      | Found a glowing golden altar of the Shining One.
  7251 | D:5      | XOM: summons 1 hostile demon
  7421 | D:6      | Mangled by an orc warrior

Illustrated notes

Levels and vault maps discovered:
D:1:      ncdulo_wetmaze, layout_loops_ring
D:2:      layout_loops_corners, minmay_misc_feat_four_crosses,
          minmay_lizard_king, uniq_crazy_yiuf_cottage
D:3:      layout_loops_cross, guppyfry_early_orc_mine, uniq_sigmund
D:4:      layout_basic, nicolae_overflow_crystal_walls,
          minmay_temple_entry_grid, serial_shops, shop
D:5:      layout_basic, gammafunk_temple_overflow_statue
D:6:      layout_loops_ring, chequers_temple_overflow_statue_of_worship
Temple:   minmay_temple_bridge_d

Skill      XL: |  1  2  3  4  5  6  7  8 |
---------------+-------------------------+-----
Stealth        | 2 |  2.0
Fire Magic     | 4 5 4 5 |  5.8
Short Blades   | 1 2 3 4 |  4.0
Dodging        | 2 3 |  3.9
Spellcasting   | 3 4 5 |  5.3
Conjurations   | 2 3 4 |  4.8
Fighting       | 1 2 3 |  3.4

Action                   |  1- 3 |  4- 6 |  7- 9 || total
-------------------------+-------+-------+-------++-------
Melee: Short sword       |   123 |   117 |    26 ||   266
       Tailslap          |     5 |    13 |    20 ||    38
       Dagger            |       |       |   103 ||   103
Throw: Dart              |       |     4 |     9 ||    13
 Cast: Foxfire           |    33 |    59 |    88 ||   180
       Conjure Flame     |       |     2 |     3 ||     5
 Abil: Breathe Frost     |       |       |     9 ||     9
  Use: Potion            |     3 |     5 |     5 ||    13
       Scroll            |     3 |     1 |     4 ||     8
 Stab: Sleeping          |     1 |       |       ||     1
Armor: Skin              |    42 |    35 |    61 ||   138
Dodge: Dodged            |    91 |    81 |   128 ||   300
